 Dungeon Crawl Stone Soup version 0.14-a0-1876-g927fc3a (webtiles) character file.

113 MirrMurr the Cudgeler (level 3, -3/24 HPs)
             Began as a Gargoyle Berserker on Jan 15, 2014.
             Was a Follower of Trog.
             Killed from afar by Terence (6 damage)
             ... with a wand of magic darts
             ... on Level 2 of the Dungeon.
             The game lasted 00:03:55 (1514 turns).

MirrMurr the Cudgeler (Gargoyle Berserker)          Turns: 1514, Time: 00:03:56

HP  -3/24        AC  8     Str 20      XL: 3   Next: 95%
MP   3/3         EV 10     Int  7      God: Trog [*.....]
Gold 57          SH  0     Dex 10      Spells:  0 memorised,  2 levels left

rFire  . . .     SeeInvis .     a - +0 mace
rCold  . . .     Clarity  .     o - +0 ring mail
rNeg   + . .     Conserve .     (no shield)
rPois  +         rCorr    .     (no helmet)
rElec  +         rRot     +     (no cloak)
SustAb . .       Spirit   .     (no gloves)
rMut   .         Warding  .     (no boots)
Saprov . . .     Stasis   .     (no amulet)
MR     .....                    (no ring)
                                (no ring)

@: not resistant to hostile enchantments, extremely unstealthy
A: life protection 1, electricity resistance, unbreathing, petrification
resistance, AC +3
a: Burn Spellbooks, Berserk, Renounce Religion


You were on level 2 of the Dungeon.
You worshipped Trog.
Trog was aware of your devotion.
You were hungry.

You visited 1 branch of the dungeon, and saw 2 of its levels.

You collected 57 gold pieces.

Inventory:

Hand weapons
 a - a +0,+0 mace (weapon)
Missiles
 k - 7 darts (quivered)
 m - 6 tomahawks
Armour
 b - a +0 animal skin
 f - a +1 leather armour
 o - a +0 ring mail (worn)
Comestibles
 c - a bread ration
 n - a pear
Scrolls
 g - a scroll of enchant weapon II {unknown}
 h - 3 scrolls of identify
 i - 4 scrolls of blinking
 j - a scroll of curse jewellery {unknown}
 l - a scroll of magic mapping {unknown}
 p - a scroll of remove curse {unknown}
Potions
 d - a potion of agility
 e - a potion of flight {unknown}


   Skills:
 + Level 3.9 Fighting
 + Level 4.0 Maces & Flails
 + Level 3.2 Armour
 - Level 1.5 Dodging


You had 2 spell levels left.
You didn't know any spells.

Dungeon Overview and Level Annotations

Branches:
Dungeon (2/16)

Altars:

Annotations:
D:2 Terence


Innate Abilities, Weirdness & Mutations

You are resistant to torment.
You are immune to poison.
Your stone body is very resilient (AC +3).
You resist negative energy.
You are resistant to electric shocks.
You can survive without breathing.
You are immune to petrification.


Message History

You start resting.
HP restored.
You now have 55 gold pieces (gained 11).
Found an escape hatch in the floor.
You now have 57 gold pieces (gained 2).
There is an escape hatch in the floor here.
Terence comes into view.
He is wielding a glowing falchion.
Terence shouts!
You closely miss Terence.
Terence zaps a wand.
The magic dart hits you! Terence hits you but does no damage.
You hit Terence.
Terence is moderately wounded.
Terence zaps a wand.
The magic dart hits you!
You hit Terence but do no damage.
Terence is moderately wounded.
Terence zaps a wand.
The magic dart hits you!
Terence zaps a wand.
The magic dart hits you!
* * * LOW HITPOINT WARNING * * *
Terence zaps a wand.
The magic dart hits you!
You die...

#############
#.......@...#
#####.###..####@#
#####...#.###..####.#
#................##.#
#.#.......###..#.##.#
..........###..#.##.#
...........>........#
.........#######.####
###.#...## .#


You could see Terence.

Vanquished Creatures
  Jessica (D:2)
  An adder (D:2)
  A giant gecko (D:1)
  2 bats (D:1)
  A giant cockroach (D:2)
  2 hobgoblins (D:2)
  2 giant newts (D:1)
  A goblin (D:2)
  8 jackals
  6 kobolds
  3 rats (D:1)
28 creatures vanquished.

Notes
Turn   | Place    | Note
--------------------------------------------------------------
     0 | D:1      | MirrMurr, the Gargoyle Berserker, began the quest for the Orb.
     0 | D:1      | Reached XP level 1. HP: 14/14 MP: 1/1
   199 | D:1      | Reached XP level 2. HP: 8/19 MP: 2/2
  1152 | D:2      | Reached XP level 3. HP: 23/23 MP: 3/3
  1195 | D:2      | Noticed Jessica
  1222 | D:2      | Killed Jessica
  1222 | D:2      | Reached skill level 4 in Maces & Flails
  1507 | D:2      | Noticed Terence
  1514 | D:2      | Killed from afar by Terence

Action                   || total
-------------------------++-------
Melee: Mace              ||    89
  Use: Scroll            ||     3
